 Dungeon Crawl Stone Soup version 0.30-a0-859-gf88a04b62d (webtiles) character file.

Game seed: 2701588854534417348

100 qeuew the Cruncher (level 4, 0/38 HPs)
             Began as a Gnoll Wanderer on Mar 6, 2023.
             Succumbed to an adder's poison
             ... in a sewer.
             The game lasted 00:03:04 (1970 turns).

qeuew the Cruncher (Gnoll Wanderer)                 Turns: 1970, Time: 00:03:04

Health: 0/38       AC:  3    Str: 17    XL:     4   Next: 74%
Magic:  8/8        EV: 11    Int:  7    God:
Gold:   102        SH:  0    Dex: 12    Spells: 9/9 levels left

rFire   + . .      SeeInvis .    o - +0 staff of Battle
rCold   . . .      Faith    .    (no shield)
rNeg    . . .      Spirit   .    e - +0 leather armour
rPois   .          Reflect  .    (no helmet)
rElec   .          Rampage  .    (no cloak)
rCorr   .                        (no gloves)
Will    .....                    (no boots)
Stlth   +                        (no amulet)
HPRegen 0.26/turn                j - ring of protection from fire
MPRegen 0.11/turn                (no ring)

@: lethally poisoned (0 -> -1), hasted, slow
A: fangs 1, strong nose, distributed training
a: no special abilities


You were in a sewer.
You visited 1 branch of the dungeon, and saw 3 of its levels.
You also visited: Sewer.

You collected 102 gold pieces.

Inventory:

Hand Weapons
 b - a +0 mace
 o - the +0 staff of Battle (weapon)
   (You found it on level 3 of the Dungeon)

   It enhances your conjuration magic.
   It summons a battlesphere in combat, with strength depending on Conjurations
   skill.
   Its strikes trigger the battlesphere's blasts.
Armour
 e - a +0 leather armour (worn)
Jewellery
 j - a ring of protection from fire (left hand)
Scrolls
 d - a scroll of fog
 l - 2 scrolls of teleportation
 m - 2 scrolls of enchant weapon {unknown}
 n - a scroll of silence
Potions
 f - a potion of invisibility {unknown}
 h - a potion of cancellation
 i - 2 potions of flight
 k - a potion of brilliance
Miscellaneous
 c - a piece from Xom's chessboard (15/15) (quivered)


   Skills:
 + Level 4.7 Fighting
 + Level 1.2 Short Blades
 + Level 1.2 Long Blades
 + Level 1.2 Axes
 + Level 2.8 Maces & Flails
 + Level 1.2 Polearms
 + Level 8.6 Staves
 + Level 1.2 Ranged Weapons
 + Level 2.8 Throwing
 + Level 1.2 Armour
 + Level 1.2 Dodging
 + Level 1.2 Stealth
 + Level 1.2 Shields
 + Level 1.2 Unarmed Combat
 + Level 3.0 Spellcasting
 + Level 1.0 Conjurations
 + Level 1.0 Hexes
 + Level 1.0 Summonings
 + Level 1.0 Necromancy
 + Level 1.0 Translocations
 + Level 1.0 Transmutations
 + Level 1.0 Fire Magic
 + Level 1.0 Ice Magic
 + Level 1.0 Air Magic
 + Level 1.0 Earth Magic
 + Level 1.0 Poison Magic
 + Level 1.4 Invocations
 + Level 2.8 Evocations


You had 9 spell levels left.
You didn't know any spells.
Your spell library contained the following spells:

 Spells                   Type           Power      Damage    Failure   Level
 Freeze                   Ice            8%         1d3       26%         1
 Shock                    Conj/Air       12%        1d3       26%         1
 Frozen Ramparts          Ice            4%         1d1       63%         3
 Hailstorm                Conj/Ice       3%         3d3       63%         3
 Swiftness                Air            2%         N/A       63%         3
 Airstrike                Air            1%         2d(1-17)  95%         4


Dungeon Overview and Level Annotations

Branches:
Dungeon (3/15)              Sewer (1/1)

Altars:

Annotations:
D:3 3 runed translucent doors, bande's ghost, amateur GrFi


Innate Abilities, Weirdness & Mutations

You have very sharp teeth.
Your uncanny sense of smell can sniff out nearby items.
Your experience applies equally to all skills.


Message History

You are too injured to fight recklessly!
Unknown command.
You hit the adder.
You kill the adder!
You feel very sick.
Your battlesphere fires!
The barrage of energy hits the quokka!
You kill the quokka!
The giant cockroach splashes around in the water.
Your unstable footing causes you to fumble your attack.
You feel sick.
The giant cockroach bites you but does no damage.
The frilled lizard closely misses you.
Your unstable footing causes you to fumble your attack.
You feel sick. The giant cockroach misses you.
You barely miss the giant cockroach.
You feel sick.
The frilled lizard bites you but does no damage.
A giant cockroach comes into view.
The giant cockroach misses you.
Your unstable footing causes you to fumble your attack.
You feel sick. The frilled lizard bites you.
* * * LOW HITPOINT WARNING * * *
The giant cockroach bites you but does no damage.
You feel yourself speed up.
* * * LOW HITPOINT WARNING * * *
You feel sick. The frilled lizard bites you.
* * * LOW HITPOINT WARNING * * *
The giant cockroach bites you but does no damage.
Unknown command.
* * * LOW HITPOINT WARNING * * *
You feel sick.
The frilled lizard barely misses your battlesphere.
* * * LOW HITPOINT WARNING * * *
You feel sick. The giant cockroach misses you.
* * * LOW HITPOINT WARNING * * *
You feel sick.
The giant cockroach bites your battlesphere.
* * * LOW HITPOINT WARNING * * *
You feel sick.
You die...

#≈#
###≈###########
#..≈.~.....~...
#.~≈~~~~~~~≈~~r
#.~≈≈≈≈≈≈≈≈≈≈≈≈
#.~~~~~~~≈~~~~~
#..~~*Bl~≈~~.~.
##†~~##~~≈~~###
#~~@##~~≈~.#
#~~.##~†≈B.#
#.~~##B~≈~.#
#.~.##.~≈~.#
#~~~##.~≈~.#
#.~.##.~≈~.#
##~###.~≈~.~
#.# #.#


You could see a friendly battlesphere.

Vanquished Creatures
  5 adders
  A worm (D:2)
  4 bats
  2 endoplasms
  6 giant cockroaches
  6 goblins
  4 hobgoblins
  5 quokkas
  3 ball pythons
  5 frilled lizards
  4 kobolds
  9 rats
54 creatures vanquished.

Notes
Turn   | Place    | Note
-------+----------+-------------------------------------------
     0 | D:1      | qeuew the Gnoll Wanderer began the quest for the Orb.
     0 | D:1      | qeuew set off with the following items: a +2 quarterstaff,
                  | a +0 mace, a piece from Xom's chessboard (15/15), a scroll
                  | of fog, a +0 leather armour.
     0 | D:1      | Reached XP level 1. HP: 20/20 MP: 4/4
   126 | D:1      | Reached XP level 2. HP: 26/26 MP: 5/5
   451 | D:1      | Found a faded altar of an unknown god.
   642 | D:2      | Reached XP level 3. HP: 25/31 MP: 7/7
   729 | D:2      | Reached skill level 1 in Invocations
  1158 | D:2      | Reached skill level 1 in Short Blades
  1158 | D:2      | Reached skill level 1 in Long Blades
  1158 | D:2      | Reached skill level 1 in Axes
  1158 | D:2      | Reached skill level 1 in Polearms
  1158 | D:2      | Reached skill level 1 in Ranged Weapons
  1158 | D:2      | Reached skill level 1 in Armour
  1158 | D:2      | Reached skill level 1 in Dodging
  1158 | D:2      | Reached skill level 1 in Stealth
  1158 | D:2      | Reached skill level 1 in Shields
  1158 | D:2      | Reached skill level 1 in Unarmed Combat
  1614 | D:3      | Found a runed translucent gate.
  1615 | D:3      | Found a runed translucent gate.
  1619 | D:3      | Reached XP level 4. HP: 38/38 MP: 8/8
  1624 | D:3      | Noticed bande's ghost (amateur GrFi)
  1625 | D:3      | Found a runed translucent gate.
  1625 | D:3      | Noticed a kobold brigand
  1826 | D:3      | Found the +0 staff of Battle
  1886 | D:3      | Reached skill level 1 in Conjurations
  1886 | D:3      | Reached skill level 1 in Hexes
  1886 | D:3      | Reached skill level 1 in Summonings
  1886 | D:3      | Reached skill level 1 in Necromancy
  1886 | D:3      | Reached skill level 1 in Translocations
  1886 | D:3      | Reached skill level 1 in Transmutations
  1886 | D:3      | Reached skill level 1 in Fire Magic
  1886 | D:3      | Reached skill level 1 in Ice Magic
  1886 | D:3      | Reached skill level 1 in Air Magic
  1886 | D:3      | Reached skill level 1 in Earth Magic
  1886 | D:3      | Reached skill level 1 in Poison Magic
  1892 | D:3      | Found a glowing drain.
  1908 | Sewer    | Entered a sewer
  1970 | Sewer    | Succumbed to an adder's poison

Illustrated notes

Levels and vault maps discovered:
D:1:      denvon_arrival_planthouse, layout_basic,
          shapermc_ecumenical_altar_mp_vishouse
D:2:      layout_loops_corners
D:3:      layout_basic, portal_sewer_entry_e, gammafunk_ghost_nasty_kobolds
Sewer:    sewer_frog_island_01

Skill      XL: |  1  2  3  4 |
---------------+-------------+-----
Invocations    | 1 |  1.4
Short Blades   | 1 |  1.2
Long Blades    | 1 |  1.2
Axes           | 1 |  1.2
Polearms       | 1 |  1.2
Ranged Weapons | 1 |  1.2
Armour         | 1 |  1.2
Dodging        | 1 |  1.2
Stealth        | 1 |  1.2
Shields        | 1 |  1.2
Unarmed Combat | 1 |  1.2
Spellcasting   | 3 |  3.0
Conjurations   | 1 |  1.0
Hexes          | 1 |  1.0
Summonings     | 1 |  1.0
Necromancy     | 1 |  1.0
Translocations | 1 |  1.0
Transmutations | 1 |  1.0
Fire Magic     | 1 |  1.0
Ice Magic      | 1 |  1.0
Air Magic      | 1 |  1.0
Earth Magic    | 1 |  1.0
Poison Magic   | 1 |  1.0
Fighting       | |  4.7
Maces & Flails | |  2.8
Staves         | |  8.6
Throwing       | |  2.8
Evocations     | |  2.8

Action                     |  1- 3 |  4- 6 || total
---------------------------+-------+-------++-------
  Melee: Quarterstaff      |    97 |    19 ||   116
         Bite              |     8 |     7 ||    15
         Staff             |       |    46 ||    46
         Punch             |       |     1 ||     1
    Use: Scroll            |     6 |       ||     6
         Potion            |     1 |     1 ||     2
   Stab: Sleeping          |     2 |     1 ||     3
 Armour: Leather armour    |    22 |    21 ||    43
  Dodge: Dodged            |    37 |    49 ||    86

Table legend: (Time is in decaauts)
 A = Elapsed time spent in this place.
 B = Non-inter-level travel time spent in this place.
 C = Inter-level travel time spent in this place.
 D = Time resting spent in this place.
 E = Time spent auto-exploring this place.
 F = Levels seen in this place.
 G = Mean time per level.
                   A        B        C        D        E       F      G
               +--------+--------+--------+--------+--------+-----+--------+
         Total |   1953 |   1920 |     33 |      0 |   1580 |   4 |  488.2 |
       Dungeon |   1889 |   1856 |     33 |      0 |   1548 |   3 |  629.7 |
         Sewer |     63 |     63 |      0 |      0 |     32 |   1 |   63.0 |
               +--------+--------+--------+--------+--------+-----+--------+

Top non-repeatable levels by time:
     D:2: 919 daAuts
     D:1: 600 daAuts
     D:3: 370 daAuts
   Sewer: 63 daAuts
